 Dungeon Crawl Stone Soup version 0.31-a0-361-g0f8bd3a31e (webtiles) character file.

Game seed: 13028903086258372108

214 AIAndy the Magician (level 6, 0/40 HPs)
             Began as a Djinni Fire Elementalist on July 27, 2023.
             Slain by an ice beast (3 damage)
             ... on level 2 of the Dungeon.
             The game lasted 00:04:25 (1554 turns).

AIAndy the Magician (Djinni Fire Elementalist)      Turns: 1554, Time: 00:04:26

Health: 0/40       AC:  3    Str:  7    XL:     6   Next: 14%
Gold:   25         EV: 12    Int: 19    God:
                   SH:  0    Dex: 13

rFire   + + .        e - +1 whip (elec)
rCold   x . .        (no shield)
rNeg    . . .        a - +0 robe
rPois   ∞            (no helmet)
rElec   .            h - +0 cloak
rCorr   .            (no gloves)
SInv    .            (boots unavailable)
Will    .....        (no amulet)
Stlth   ++           (no ring)
HPRegen 0.26/turn    (no ring)
MPRegen 0.00/turn

%: infuse magic (-1 HP)
@: flying
A: sickness immunity, fire resistance 2, cold vulnerability 1, float, innate
caster, HP casting, extra vitality 1
a: no special abilities


You were on level 2 of the Dungeon.
You visited 1 branch of the dungeon, and saw 3 of its levels.

You collected 80 gold pieces.
You spent 55 gold pieces at shops.


Innate Abilities, Weirdness & Mutations

You are immune to sickness and miasma.
You are immune to poison.
Your flesh is very heat resistant. (rF++)
You are vulnerable to cold. (rC-)
You float through the air rather than walking.
You learn spells naturally, not from books.
Your magical power is your life essence.
You have superior vitality. (+4 MHP)


   Skills:
 - Level 2.1 Dodging
 - Level 1.5 Stealth
 + Level 5.1 Spellcasting
 + Level 5.1 Conjurations
 + Level 5.1 Hexes
 + Level 5.1 Summonings
 + Level 5.1 Necromancy
 + Level 5.1 Translocations
 + Level 5.1 Transmutations
 + Level 5.1 Fire Magic
 + Level 5.1 Ice Magic
 + Level 5.1 Air Magic
 + Level 5.1 Earth Magic
 + Level 5.1 Poison Magic


You knew the following spells:

 Your Spells              Type           Power      Damage    Failure   Level
a - Flame Wave            Conj/Fire      24%        2d8       14%         4
b - Necrotise             Necr           96%        1d8       1%          1
e - Passwall              Tmut/Erth      20%        N/A       2%          2
f - Inner Flame           Hex/Fire       24%        N/A       4%          3
X - Foxfire               Conj/Fire      96%        2x1d8     1%          1
Y - Scorch                Fire           48%        2d7       2%          2
Z - Volatile Blastmotes   Fire/Tloc      48%        2d14      4%          3
Your spell library was empty.

Inventory:

Hand Weapons
 e - a +1 whip of electrocution (weapon)
Armour
 a - a +0 robe (worn)
 h - a +0 cloak (worn)
Jewellery
 H - an amulet of faith {!P}
Scrolls
 b - 2 scrolls of noise {!r}
 c - 2 scrolls of teleportation {@r4}
 f - a scroll of identify {@r1}

Dungeon Overview and Level Annotations

Branches:
Dungeon (3/15)

Altars:

Shops:
D:2

! #....................###.......
###.................##........###
#...................######.##.# #
#.##)..>............# ###....###
..###...#..........## #.........
..# #####..........# #.........
..# ####.......§§# ##.........
.## #......#.§§§§####..........
## #....#..§h@##.....######... #
#....##.§§§Y§.##### #... #
#........§§#### #... #....###...#
#... #....# ##### #... #....#
#... ###### ####


You could see an ice beast and a hound.


Message History

You feel a terrible chill!
Ouch! That really hurt!
* * * LOW HITPOINT WARNING * * *
The hound completely misses you.
You feel much better.
The foxfire hits the hound but does no damage. x2
The hound bites you but does no damage. The ice beast hits you.
The ice beast freezes you!
You feel a terrible chill!
* * * LOW HITPOINT WARNING * * *
The hound stops to sniff the ground.
The hound bites you.
* * * LOW HITPOINT WARNING * * *
As you read the scroll labelled EZAPNA MUOSTRA, it crumbles to dust.
You hear a loud clanging noise!
It was a scroll of noise.
The ice beast hits you but does no damage.
The hound bites you but does no damage.
Your magical contamination has completely faded away.
As you read the scroll labelled TOMIESH GEHEORPH, it crumbles to dust.
It is a scroll of identify.
c - 2 scrolls of teleportation The hound closely misses you.
The ice beast hits you.
* * * LOW HITPOINT WARNING * * *
The ice beast freezes you!
You feel a terrible chill!
* * * LOW HITPOINT WARNING * * *
The hound misses you.
As you read the scroll labelled QETOECACVE, it dissolves into smoke.
It was a scroll of fog.
The ice beast closely misses you. The hound misses you.
The ice beast attacks as you move away! The ice beast hits you.
You die...

Skill      XL: |  1  2  3  4  5 |
---------------+----------------+-----
Spellcasting   | 4 5 |  5.1
Conjurations   | 4 5 |  5.1
Hexes          | 4 5 |  5.1
Summonings     | 4 5 |  5.1
Necromancy     | 4 5 |  5.1
Translocations | 4 5 |  5.1
Transmutations | 4 5 |  5.1
Fire Magic     | 4 5 |  5.1
Ice Magic      | 4 5 |  5.1
Air Magic      | 4 5 |  5.1
Earth Magic    | 4 5 |  5.1
Poison Magic   | 4 5 |  5.1
Dodging        | |  2.1
Stealth        | |  1.5

Action                     |  1- 3 |  4- 6 || total
---------------------------+-------+-------++-------
   Cast: Foxfire           |    93 |    47 ||   140
         Scorch            |     4 |    12 ||    16
    Use: Scroll            |       |     3 ||     3
         Potion            |       |     1 ||     1
 Armour: Robe              |     1 |     6 ||     7
  Dodge: Dodged            |     7 |    17 ||    24

Levels and vault maps discovered:
D:1:      lemuel_arrival_muddy, layout_basic, serial_bayou_pond_b
D:2:      layout_rooms, serial_shops, nicolae_shop_industrial_runoff,
          uniq_natasha
D:3:      layout_rooms, serial_corexii_hall, corexii_hall_statues_i,
          corexii_hall_statues_t, corexii_hall_statues_x,
          corexii_hall_statues_i, minivault_11, minmay_misc_feat_columns,
          minmay_circle_x

Notes
Turn   | Place    | Note
-------+----------+-------------------------------------------
     0 | D:1      | Reached skill level 3 in Spellcasting
     0 | D:1      | Reached skill level 3 in Conjurations
     0 | D:1      | Reached skill level 3 in Hexes
     0 | D:1      | Reached skill level 3 in Summonings
     0 | D:1      | Reached skill level 3 in Necromancy
     0 | D:1      | Reached skill level 3 in Translocations
     0 | D:1      | Reached skill level 3 in Transmutations
     0 | D:1      | Reached skill level 3 in Fire Magic
     0 | D:1      | Reached skill level 3 in Ice Magic
     0 | D:1      | Reached skill level 3 in Air Magic
     0 | D:1      | Reached skill level 3 in Earth Magic
     0 | D:1      | Reached skill level 3 in Poison Magic
     0 | D:1      | AIAndy the Djinni Fire Elementalist began the quest for the
                  | Orb.
     0 | D:1      | AIAndy set off with the following spells memorised:
                  | Foxfire, Scorch, Volatile Blastmotes, Inner Flame, Flame
                  | Wave.
     0 | D:1      | Reached XP level 1. HP: 15/15 MP: 0/0
    91 | D:1      | Reached XP level 2. HP: 18/21 MP: 0/0
   267 | D:1      | Reached XP level 3. HP: 7/25 MP: 0/0
   267 | D:1      | Learned a level 1 spell: Necrotise
   838 | D:2      | Reached XP level 4. HP: 24/31 MP: 0/0
   914 | D:2      | Reached skill level 4 in Spellcasting
   914 | D:2      | Reached skill level 4 in Conjurations
   914 | D:2      | Reached skill level 4 in Hexes
   914 | D:2      | Reached skill level 4 in Summonings
   914 | D:2      | Reached skill level 4 in Necromancy
   914 | D:2      | Reached skill level 4 in Translocations
   914 | D:2      | Reached skill level 4 in Transmutations
   914 | D:2      | Reached skill level 4 in Fire Magic
   914 | D:2      | Reached skill level 4 in Ice Magic
   914 | D:2      | Reached skill level 4 in Air Magic
   914 | D:2      | Reached skill level 4 in Earth Magic
   914 | D:2      | Reached skill level 4 in Poison Magic
  1036 | D:2      | Noticed Natasha
  1041 | D:2      | Killed Natasha
  1049 | D:2      | Reached XP level 5. HP: 18/35 MP: 0/0
  1049 | D:2      | Learned a level 2 spell: Passwall
  1161 | D:2      | Found Cochikyone's Distillery.
  1171 | D:2      | Bought a potion of heal wounds for 55 gold pieces
  1224 | D:2      | Noticed Natasha
  1228 | D:2      | Killed Natasha
  1301 | D:2      | Noticed Natasha
  1305 | D:2      | Killed Natasha
  1424 | D:2      | Reached skill level 5 in Spellcasting
  1424 | D:2      | Reached skill level 5 in Conjurations
  1424 | D:2      | Reached skill level 5 in Hexes
  1424 | D:2      | Reached skill level 5 in Summonings
  1424 | D:2      | Reached skill level 5 in Necromancy
  1424 | D:2      | Reached skill level 5 in Translocations
  1424 | D:2      | Reached skill level 5 in Transmutations
  1424 | D:2      | Reached skill level 5 in Fire Magic
  1424 | D:2      | Reached skill level 5 in Ice Magic
  1424 | D:2      | Reached skill level 5 in Air Magic
  1424 | D:2      | Reached skill level 5 in Earth Magic
  1424 | D:2      | Reached skill level 5 in Poison Magic
  1424 | D:2      | Reached XP level 6. HP: 35/40 MP: 0/0
  1543 | D:3      | Noticed an ice beast
  1552 | D:2      | HP: 3/40 [ice beast (10)]
  1554 | D:2      | Slain by an ice beast

Vanquished Creatures
  A hound (D:2)
  Natasha (thrice) (D:2)
  5 adders (D:2)
  2 worms (D:2)
  A dart slug (D:1)
  An orc (D:3)
  5 ball pythons
  11 bats
  5 endoplasms
  A giant cockroach (D:1)
  2 goblins
  7 hobgoblins
  2 quokkas
  3 frilled lizards
  5 kobolds
  8 rats
62 creatures vanquished.

Vanquished Creatures (others)
  257 foxfires
257 creatures vanquished.

Grand Total: 319 creatures vanquished

Table legend: (Time is in decaauts)
 A = Elapsed time spent in this place.
 B = Non-inter-level travel time spent in this place.
 C = Inter-level travel time spent in this place.
 D = Time resting spent in this place.
 E = Time spent auto-exploring this place.
 F = Levels seen in this place.
 G = Mean time per level.
                   A        B        C        D        E       F      G
               +--------+--------+--------+--------+--------+-----+--------+
         Total |   1553 |   1520 |     33 |     76 |   1168 |   3 |  517.7 |
       Dungeon |   1553 |   1520 |     33 |     76 |   1168 |   3 |  517.7 |
               +--------+--------+--------+--------+--------+-----+--------+

Top non-repeatable levels by time:
     D:1: 805 daAuts
     D:2: 732 daAuts
     D:3: 15 daAuts

Table legend:
 A = Non-vault XP
 B = Vault XP
 C = Vault XP percentage of total XP
 D = Non-vault monster count
 E = Vault monster count
 F = Vault count percentage of total count
                 A         B        C        D         E       F
            +---------+---------+-------+---------+---------+-------
      Total |     244 |      62 |  20.3 |      52 |      10 |  16.1
            +---------+---------+-------+---------+---------+-------
        D:1 |      47 |       7 |  13.0 |      28 |       4 |  12.5
        D:2 |     193 |      48 |  19.9 |      22 |       2 |   8.3
        D:3 |       4 |       7 |  63.6 |       2 |       4 |  66.7
            +---------+---------+-------+---------+---------+-------
